 Dungeon Crawl Stone Soup version 0.26-a0-591-g04f19ec95a (webtiles) character file.

Game seed: 13599620287585796153

252 Eifo4Ohj9gu9Dob0ohLe the Skirmisher (level 5, -1/47 HPs)
             Began as a Draconian Berserker on Aug 24, 2020.
             Was a Believer of Trog.
             Killed from afar by an orc wizard (9 damage)
             ... with a puff of flame
             ... on level 4 of the Dungeon.
             The game lasted 00:06:31 (1943 turns).

Eifo4Ohj9gu9Dob0ohLe the Skirmisher (DrBe)          Turns: 1943, Time: 00:06:31

Health: -1/47      AC:  5    Str: 20    XL:     5   Next: 89%
Magic:  5/5        EV: 13    Int:  8    God:    Trog [**....]
Gold:   105        SH:  0    Dex: 10    Spells: 4/4 levels left

rFire    . . .     SeeInvis .   a - +0 hand axe
rCold    . . .     Faith    .   (no shield)
rNeg     . . .     Spirit   .   (armour unavailable)
rPois    .         Reflect  .   (helmet restricted)
rElec    .         Harm     .   (no cloak)
rCorr    .                      (no gloves)
MR       .....                  (no boots)
Stlth    +.........             (no amulet)
HPRegen  0.15/turn              (no ring)
MPRegen  0.09/turn              (no ring)

@: berserk cooldown, slowed, very slow
A: unfitting armour, cold-blooded, AC +5
a: Berserk, Trog's Hand, Renounce Religion


You were on level 4 of the Dungeon.
You worshipped Trog.
Trog was pleased with you.
You visited 1 branch of the dungeon, and saw 3 of its levels.

You collected 105 gold pieces.

Inventory:

Hand Weapons
 a - a +0 hand axe (weapon)
Scrolls
 b - a scroll of magic mapping {unknown}
 c - 5 scrolls of teleportation {unknown}
 d - 2 scrolls of identify {unknown}
 e - a scroll of immolation {unknown}
 f - 4 scrolls of remove curse {unknown}
 g - a scroll of enchant weapon {unknown}
 h - a scroll of random uselessness {unknown}


   Skills:
 + Level 4.7 Fighting
 + Level 4.7 Axes
 + Level 4.1 Dodging
 + Level 0.3 Stealth


You had 4 spell levels left.
You didn't know any spells.
Your spell library was empty.

Dungeon Overview and Level Annotations

Branches:
Dungeon (2/15)

Altars:

Shops:
D:4 (


Innate Abilities, Weirdness & Mutations

Your plain brown scales are hard. (AC +5)
You cannot fit into any form of body armour.
You are cold-blooded and may be slowed by cold attacks.


Message History

You bump into the rock wall.
You feel a strong urge to attack something.
You bump into the rock wall.
You are no longer berserk.
You pass out from exhaustion.
You feel yourself slow down. The orc hits you with a +0 flail.
Something hits you.
* * * LOW HITPOINT WARNING * * *
You can move again.
You feel less confused. Something hits you.
* * * LOW HITPOINT WARNING * * *
Something hits you.
* * * LOW HITPOINT WARNING * * *
You aren't carrying any potions.
Unknown command.
You hear some strange, mumbled words.
A puff of flame appears from out of thin air!
The puff of flame hits you!
You die...

.#....(....#........###.#
.###.###.###........# #.#
## #.....# #####+#### #.#
#.....# #....###.#
#.....# #.##.#...#
#.###.# #.##.#.#.# #.#
#.# #.##...#.#
######.########
#))..#@### #.##.#...# ...
#.###{# ...## #..o.o#
#... ####### ##. #


You could see an orc.

Vanquished Creatures
  2 hounds (D:4)
  An orc wizard (D:4)
  An iguana (D:4)
  Natasha (thrice) (D:4)
  2 adders (D:4)
  A worm (D:2)
  A dart slug (D:1)
  A leopard gecko (D:2)
  2 orcs (D:4)
  3 bats (D:1)
  A giant cockroach (D:1)
  5 goblins
  A hobgoblin (D:1)
  3 jackals (D:1)
  3 kobolds (D:1)
  A quokka (D:4)
  5 frilled lizards
  3 rats
39 creatures vanquished.

Vanquished Creatures (others)
  A plant (D:1)
1 creature vanquished.

Grand Total: 40 creatures vanquished

Notes
Turn   | Place    | Note
-------+----------+-------------------------------------------
     0 | D:1      | Eifo4Ohj9gu9Dob0ohLe the Draconian Berserker began the
                  | quest for the Orb.
     0 | D:1      | Reached XP level 1. HP: 19/19 MP: 1/1
   414 | D:1      | Reached XP level 2. HP: 20/26 MP: 2/2
  1096 | D:2      | Reached ** piety under Trog
  1097 | D:2      | Reached XP level 3. HP: 33/33 MP: 3/3
  1239 | D:2      | You fall into a shaft and drop 2 floors!
  1253 | D:4      | Reached XP level 4. HP: 33/40 MP: 4/4
  1455 | D:4      | Found Eraeh's Antique Weapon Shop.
  1465 | D:4      | Noticed Natasha
  1478 | D:4      | Killed Natasha
  1478 | D:4      | Reached XP level 5. HP: 31/47 MP: 5/5
  1569 | D:4      | Noticed Natasha
  1578 | D:4      | Killed Natasha
  1641 | D:4      | Noticed Natasha
  1654 | D:4      | Killed Natasha
  1943 | D:4      | Killed from afar by an orc wizard

Illustrated notes

Levels and vault maps discovered:
D:1:      eino_arrival_water_cross, layout_basic
D:2:      layout_rooms, nicolae_overflow_hidden_temple
D:4:      layout_basic, serial_shops, nicolae_shop_behind_doors,
          ashenzari_altar_1, uniq_natasha, uniq_blork_the_orc

Skill      XL: |  1  2  3  4  5 |
---------------+----------------+-----
Dodging        | 3 4 |  4.1
Fighting       | 4 |  4.7
Axes           | 4 |  4.7
Stealth        | |  0.3

Action                   |  1- 3 |  4- 6 || total
-------------------------+-------+-------++-------
Melee: Hand axe          |    97 |    48 ||   145
       Tailslap          |    11 |     6 ||    17
Invok: Berserk           |     2 |     2 ||     4
 Stab: Sleeping          |       |     1 ||     1
Armor: Skin              |    56 |     7 ||    63
Dodge: Dodged            |    82 |    29 ||   111

Table legend: (Time is in decaauts)
 A = Elapsed time spent in this place.
 B = Non-inter-level travel time spent in this place.
 C = Inter-level travel time spent in this place.
 D = Time resting spent in this place.
 E = Time spent auto-exploring this place.
 F = Levels seen in this place.
 G = Mean time per level.
                   A        B        C        D        E       F      G
               +--------+--------+--------+--------+--------+-----+--------+
         Total |   1993 |   1993 |      0 |    849 |    428 |   3 |  664.3 |
       Dungeon |   1993 |   1993 |      0 |    849 |    428 |   3 |  664.3 |
               +--------+--------+--------+--------+--------+-----+--------+

Top non-repeatable levels by time:
     D:1: 1111 daAuts
     D:4: 728 daAuts
     D:2: 153 daAuts
